 Dungeon Crawl Stone Soup version 0.28-a0-1404-g4df0f3684d (webtiles) character file.

Game seed: 17930708605451519598

60 HallandMoats the Covered (level 3, -1/33 HPs)
             Began as a Minotaur Fighter on Jan 5, 2022.
             Slain by a jelly (3 damage)
             ... on level 2 of the Dungeon.
             The game lasted 00:01:02 (1463 turns).

HallandMoats the Covered (Minotaur Fighter)         Turns: 1463, Time: 00:01:03

Health: -1/33      AC: -4    Str: 20    XL:     3   Next: 80%
Magic:  2/2        EV: 10    Int:  5    God:
Gold:   52         SH:  5    Dex: 17    Spells: 2/2 levels left

rFire   . . .      SeeInvis .   a - +0 war axe
rCold   . . .      Faith    .   c - +0 buckler
rNeg    . . .      Spirit   .   b - +0 scale mail
rPois   .          Reflect  .   (helmet restricted)
rElec   .          Harm     .   (no cloak)
rCorr   .          Rampage  .   (no gloves)
Will    .....                   (no boots)
Stlth   ..........              (no amulet)
HPRegen 0.11/turn               j - +4 ring of slaying
MPRegen 0.08/turn               i - +6 ring of dexterity

@: corroded
A: horns 2, retaliatory headbutt
a: no special abilities


You were on level 2 of the Dungeon.
You visited 1 branch of the dungeon, and saw 2 of its levels.

You collected 52 gold pieces.

Inventory:

Hand Weapons
 a - a +0 war axe (weapon)
Armour
 b - a +0 scale mail (worn)
 c - a +0 buckler (worn)
Jewellery
 i - a +6 ring of dexterity (right hand)
 j - a +4 ring of slaying (left hand)
Scrolls
 f - a scroll of enchant armour {unknown}
 g - a scroll of immolation {unknown}
Potions
 d - a potion of might
 e - a potion of curing {unknown}
 h - a potion of berserk rage {unknown}
 k - a potion of ambrosia {unknown}


   Skills:
 + Level 4.0 Fighting
 + Level 3.0 Axes
 + Level 4.0 Armour
 + Level 1.4 Dodging
 + Level 4.0 Shields
 + Level 1.2 Invocations


You had 2 spell levels left.
You didn't know any spells.
Your spell library was empty.

Dungeon Overview and Level Annotations

Branches:
Dungeon (2/15)

Altars:

Shops:
D:2 (


Innate Abilities, Weirdness & Mutations

You have a pair of horns on your head.
You reflexively headbutt those who attack you in melee.


Message History

a +0 club; a +2 robe; the human corpse of Jessica You start resting.
You feel yourself speed up.
You start resting.
You hear a distant slurping noise.
HP restored.
Search for what [? for help]? armor
There is a stone staircase leading down here.
Found a hunting sling.
You now have 52 gold pieces (gained 14).
You see here a +0 ring mail.
A jelly comes into view.
A jelly is nearby!
A jelly is nearby!
A jelly is nearby!
The jelly hits you but does no damage.
You slash the jelly! The acid corrodes you!
Your hands burn!
The jelly is moderately wounded.
The jelly hits you. The acid corrodes you!
You are splashed with acid.
You hit the jelly but do no damage. The acid corrodes you!
Your hands burn!
You headbutt the jelly, but do no damage.
The jelly is moderately wounded.
You block the jelly's attack. The jelly hits you.
You are splashed with acid!
* * * LOW HITPOINT WARNING * * *
You are too injured to fight recklessly!
You are too injured to fight recklessly!
You hit the jelly but do no damage.
Your hands burn!
* * * LOW HITPOINT WARNING * * *
The jelly is moderately wounded.
You block the jelly's attack.
You slash the jelly!
Your hands burn!
* * * LOW HITPOINT WARNING * * *
You headbutt the jelly.
The jelly is severely wounded.
The jelly barely misses you.
You hit the jelly.
Your hands burn!
* * * LOW HITPOINT WARNING * * *
The jelly is severely wounded.
You block the jelly's attack. The jelly hits you.
You die...

.##########.#.#
........[..>#)#
######.#)..#.#
#....#.#.#.#
#.##.#.#.#.##
#.##.#.#....#
#.##.#.###..# .
#.##.#...#..##.
.[#@##.##.....(..
#.#.J....##..#####.
##.#+##.#..∩........
..........#.##.####
.....#....#.# .# #
....#....#.. # #.#.
...##..#####
##....####..#..#
.......)...†#..#


You could see a jelly.

Vanquished Creatures
  Jessica (D:2)
  2 dart slugs
  3 ball pythons (D:1)
  6 endoplasms
  2 giant cockroaches
  A goblin (D:1)
  3 hobgoblins
  4 kobolds
  2 quokkas (D:2)
  2 bats
  A rat (D:2)
27 creatures vanquished.

Notes
Turn   | Place    | Note
-------+----------+-------------------------------------------
     0 | D:1      | HallandMoats the Minotaur Fighter began the quest for the
                  | Orb.
     0 | D:1      | Reached XP level 1. HP: 19/19 MP: 0/0
   272 | D:1      | Reached XP level 2. HP: 27/27 MP: 1/1
   869 | D:1      | Found a faded altar of an unknown god.
  1071 | D:2      | Reached skill level 1 in Dodging
  1177 | D:2      | Reached XP level 3. HP: 27/33 MP: 2/2
  1276 | D:2      | Found Apuitux's Weapon Emporium.
  1292 | D:2      | Noticed Jessica
  1295 | D:2      | Reached skill level 1 in Invocations
  1298 | D:2      | Killed Jessica
  1463 | D:2      | HP: 1/33 [acid (1)]
  1463 | D:2      | Slain by a jelly

Illustrated notes

Levels and vault maps discovered:
D:1:      dpeg_arrival_yet_another_circle, layout_basic,
          hellmonk_ecumenical_altar_pennies_from_heaven, minmay_strange_pillars
D:2:      layout_basic, serial_shops, shop, uniq_jessica

Skill      XL: |  1  2  3 |
---------------+----------+-----
Dodging        | 1 |  1.4
Invocations    | 1 |  1.2
Fighting       | 4 |  4.0
Axes           | 3 |  3.0
Armour         | 4 |  4.0
Shields        | 4 |  4.0

Action                   || total
-------------------------++-------
Melee: War axe           ||    55
       Headbutt          ||     8
Armor: Scale mail        ||    18
Dodge: Dodged            ||    25
Block: Buckler           ||    14

Table legend: (Time is in decaauts)
 A = Elapsed time spent in this place.
 B = Non-inter-level travel time spent in this place.
 C = Inter-level travel time spent in this place.
 D = Time resting spent in this place.
 E = Time spent auto-exploring this place.
 F = Levels seen in this place.
 G = Mean time per level.
                   A        B        C        D        E       F      G
               +--------+--------+--------+--------+--------+-----+--------+
         Total |   1490 |   1472 |     18 |    140 |   1160 |   2 |  745.0 |
       Dungeon |   1490 |   1472 |     18 |    140 |   1160 |   2 |  745.0 |
               +--------+--------+--------+--------+--------+-----+--------+

Top non-repeatable levels by time:
     D:1: 1080 daAuts
     D:2: 409 daAuts
